 Dungeon Crawl Stone Soup version 0.27-a0-1081-ge8a0a9c698 (webtiles) character file.

Game seed: 10333202407421605293

7 Combatereak the Grave Robber (level 1, 13/13 HPs)
             Began as a Demonspawn Necromancer on Apr 25, 2021.
             Quit the game on level 1 of the Dungeon.
             The game lasted 00:02:10 (466 turns).

Combatereak the Grave Robber (DsNe)                  Turns: 466, Time: 00:02:11

Health: 13/13      AC:  2    Str:  8    XL:     1   Next: 91%
Magic:  3/3        EV: 12    Int: 16    God:
Gold:   17         SH:  0    Dex: 13    Spells: 3/4 levels left

rFire    . . .     SeeInvis .   c - +0 whip
rCold    . . .     Faith    .   (no shield)
rNeg     . . .     Spirit   .   a - +0 robe
rPois    .         Reflect  .   (no helmet)
rElec    .         Harm     .   (no cloak)
rCorr    .         Rampage  .   (no gloves)
Will     .....                  (no boots)
Stlth    ++........             (no amulet)
HPRegen  0.04/turn              (no ring)
MPRegen  0.08/turn              (no ring)

@: no status effects
A: no striking features
a: no special abilities


You were on level 1 of the Dungeon.
You visited 1 branch of the dungeon, and saw 1 of its levels.

You collected 17 gold pieces.

Inventory:

Hand Weapons
 c - a +0 whip (weapon)
Missiles
 d - 22 stones
Armour
 a - a +0 robe (worn)
 f - a +0 leather armour
Jewellery
 g - a ring of protection from fire
Scrolls
 b - a scroll of teleportation {unknown}
 e - a scroll of fear {unknown}


   Skills:
 - Level 1.7 Dodging
 - Level 1.7 Stealth
 - Level 2.0 Spellcasting
 + Level 4.9 Necromancy


You had 3 spell levels left.
You knew the following spells:

 Your Spells              Type           Power      Damage    Failure   Level
a - Pain                  Necr           68%        1d7       2%          1

Your spell library contained the following spells:

 Spells                   Type           Power      Damage    Failure   Level
 Animate Skeleton         Necr           34%        N/A       2%          1
 Vampiric Draining        Necr           8%         2d7       9%          3
 Animate Dead             Necr           8%         N/A       28%         4
 Agony                    Necr           17%        N/A       61%         5


Dungeon Overview and Level Annotations

Branches:
Dungeon (1/15)

Altars:


Message History

The bat barely misses you.
You hit the bat.
The bat is heavily wounded.
The bat closely misses you. The bat barely misses you.
You barely miss the bat.
The bat is heavily wounded.
The bat hits you but does no damage.
You hit the bat but do no damage.
The bat is heavily wounded.
The bat closely misses you. The bat hits you but does no damage.
The bat closely misses you. The bat misses you.
The bat hits you but does no damage.
You hit the bat.
The bat is heavily wounded.
The bat hits you but does no damage. The bat hits you.
The bat hits you but does no damage.
Found a spear.
You miss the bat.
The bat is heavily wounded.
The bat misses you.
You miss the bat.
The bat is heavily wounded.
The bat misses you. The bat hits you but does no damage. x2
You barely miss the bat.
The bat is heavily wounded.
The bat misses you.
You hit the bat.
You kill the bat!
No target in view!
No target in view!
You now have 17 gold pieces (gained 5).
g - a ring of protection from fire
There are no items here.
You start resting.
HP restored.
A rat comes into view.
Are you sure you want to abandon this character and quit the game? (Confirm with "yes".)

#.##.......##
#..........#
#.....÷.∩### ...
#∩#####∩## ...
######### ..# ##..##r#
. #.# ##...##..## ..
#.# #..#..##..###.#
#.# #.##..###@....#
#.######.##..##....#.#
.........##.....##.#
#######......##.# .#
#.........# #
#.......#..^... ###
#......#####...
..#####......# #
.............#


You could see a rat (asleep).

Vanquished Creatures
  A bat (D:1)
  A hobgoblin (D:1)
  A kobold (D:1)
  A frilled lizard (D:1)
  4 rats (D:1)
8 creatures vanquished.

Notes
Turn   | Place    | Note
-------+----------+-------------------------------------------
     0 | D:1      | Combatereak the Demonspawn Necromancer began the quest for
                  | the Orb.
     0 | D:1      | Reached XP level 1. HP: 13/13 MP: 3/3
   466 | D:1      | Quit the game

Illustrated notes

Levels and vault maps discovered:
D:1:      amcnicky_arrival_abandoned_market, layout_rooms, serial_shops, shop

Action                   || total
-------------------------++-------
Melee: Whip              ||    10
       Unarmed           ||     4
 Cast: Pain              ||    12
Armor: Robe              ||    10
Dodge: Dodged            ||    11

Table legend: (Time is in decaauts)
 A = Elapsed time spent in this place.
 B = Non-inter-level travel time spent in this place.
 C = Inter-level travel time spent in this place.
 D = Time resting spent in this place.
 E = Time spent auto-exploring this place.
 F = Levels seen in this place.
 G = Mean time per level.
                   A        B        C        D        E       F      G
               +--------+--------+--------+--------+--------+-----+--------+
         Total |    466 |    466 |      0 |    257 |     72 |   1 |  466.0 |
       Dungeon |    466 |    466 |      0 |    257 |     72 |   1 |  466.0 |
               +--------+--------+--------+--------+--------+-----+--------+

Top non-repeatable levels by time:
     D:1: 466 daAuts
